 Dungeon Crawl Stone Soup version 0.29.1-1-gd02db6906a (webtiles) character file.

Game seed: 15004427616826073089

7917 Godmorgon the Destroyer (level 11, 0/67 HPs)
             Began as a Tengu Conjurer on Oct 7, 2022.
             Was a Believer of Vehumet.
             Slain by an eight-headed hydra (11 damage)
             ... on level 1 of the Lair of Beasts on Oct 8, 2022.
             The game lasted 01:44:10 (15090 turns).

Godmorgon the Destroyer (Tengu Conjurer)           Turns: 15090, Time: 01:44:11

Health: 0/67       AC:  7    Str:  7    XL:     11   Next: 22%
Magic:  17/24      EV: 33    Int: 22    God:    Vehumet [**....]
Gold:   384        SH:  0    Dex: 20    Spells: 18/27 levels left

rFire   . . .      SeeInvis .   a - +2 dagger (venom)
rCold   . . .      Faith    .   (no shield)
rNeg    . . .      Spirit   .   J - +0 steam dragon scales
rPois   .          Reflect  .   b - +1 hat
rElec   .          Harm     .   (no cloak)
rCorr   .          Rampage  .   (no gloves)
Will    .....                   (boots unavailable)
Stlth   ++........              l - amulet of the acrobat
HPRegen 0.21/turn               G - +6 ring of dexterity
MPRegen 0.19/turn               (no ring)

@: about to teleport, acrobatic, flying quickly and evasively, quick
A: beak, talons 3, nimble flight
a: Renounce Religion


You were on level 1 of the Lair of Beasts.
You worshipped Vehumet.
Vehumet was pleased with you.
You visited 3 branches of the dungeon, and saw 11 of its levels.
You also visited: Ossuary.

You collected 820 gold pieces.
You spent 436 gold pieces at shops.

Inventory:

Hand Weapons
 a - a +2 dagger of venom (weapon)
Missiles
 h - 19 poisoned darts (quivered)
 K - 6 atropa-tipped darts
Armour
 b - a +1 hat (worn)
 v - a +2 robe of fire resistance
 J - +0 steam dragon scales (worn)
Jewellery
 l - an amulet of the acrobat (around neck)
 G - a +6 ring of dexterity (left hand)
Wands
 d - a wand of paralysis (6)
Scrolls
 f - a scroll of magic mapping
 g - 2 scrolls of torment
 p - 5 scrolls of teleportation
 q - 2 scrolls of fear
 s - a scroll of poison {unknown}
 t - a scroll of butterflies {unknown}
 w - 3 scrolls of vulnerability
 y - a scroll of immolation {unknown}
 I - a scroll of silence {unknown}
Potions
 e - 5 potions of curing
 i - 3 potions of cancellation
 j - 2 potions of lignification {unknown}
 k - 5 potions of heal wounds
 m - a potion of berserk rage {unknown}
 n - a potion of magic
 o - 4 potions of attraction
 r - 3 potions of brilliance
 z - a potion of invisibility {unknown}
 A - 2 potions of degeneration {unknown}
 B - 3 potions of ambrosia
 C - a potion of flight {unknown}
 D - 2 potions of resistance {unknown}
 E - 3 potions of haste {unknown}
 F - 3 potions of might {unknown}
 H - 2 potions of mutation {unknown}


   Skills:
 + Level 7.2 Fighting
 - Level 5.0 Armour
 - Level 5.0 Dodging
 - Level 2.5 Stealth
 + Level 8.7 Spellcasting
 - Level 10.0 Conjurations
 - Level 3.0 Transmutations
 - Level 5.0 Fire Magic
 - Level 5.0 Air Magic
 - Level 4.0 Poison Magic


You had 18 spell levels left.
You knew the following spells:

 Your Spells              Type           Power      Damage    Failure   Level
d - Magic Dart            Conj           100%       1d8       1%          1
i - Ignite Poison         Fire/Tmut/Pois 27%        N/A       4%          3
m - Mephitic Cloud        Conj/Pois/Air  37%        N/A       1%          3
s - Searing Ray           Conj           100%       2d8       1%          2

Your spell library contained the following spells:

 Spells                   Type           Power      Damage    Failure   Level
 Sandblast                Erth           18%        2d7       7%          1
 Dazzling Flash           Conj/Hex       62%        N/A       2%          3
 Swiftness                Air            31%        N/A       2%          3
 Passwall                 Tmut/Erth      13%        N/A       5%          2
 Fulminant Prism          Conj/Hex       15%        3d11      9%          4
 Iskenderun's Mystic Bla  Conj/Tloc      31%        2d8       9%          4
 Ensorcelled Hibernation  Hex/Ice        18%        N/A       11%         2
 Corpse Rot               Necr/Pois/Air  22%        N/A       21%         4
 Freezing Cloud           Conj/Ice/Air   15%        6-21      24%         5
 Anguish                  Hex/Necr       4%         N/A       56%         4
 Borgnjor's Vile Clutch   Necr/Erth      4%         N/A       88%         5
 Death Channel            Necr           4%         N/A       100%        6


Dungeon Overview and Level Annotations

Branches:
Dungeon (9/15)             Temple (1/1) D:4            Lair (1/5) D:9
Ossuary (visited)
    Orc: D:9-12

Altars:
Ashenzari
Cheibriados
Dithmenos
Elyvilon
Fedhas
Gozag
Hepliaklqana
Kikubaaqudgha
Makhleb
Nemelex Xobeh
Okawaru
Qazlal
Ru
Sif Muna
Trog
Uskayaw
Vehumet
Wu Jian
Xom
Zin
The Shining One

Shops:
D:3 :   D:4 !

Annotations:
D:4 2 transporters, Eustachio


Innate Abilities, Weirdness & Mutations

You have a beak for a mouth.
You have claws for feet.
Your magical nature lets you fly swiftly and evasively.


Message History

Confirm with . or Enter, or press ? or * to list all spells.
Aiming: Searing Ray (safe; 1% risk of failure)
Press: ? - help, Shift-Dir - straight line, f - eight-headed hydra
Aim: an eight-headed hydra (94% to hit)
The searing ray hits the eight-headed hydra!
The eight-headed hydra is lightly wounded. (Press . to maintain the ray.)
The eight-headed hydra bites you but does no damage.
The eight-headed hydra bites you. x2; The eight-headed hydra misses you.
The eight-headed hydra closely misses you.
The eight-headed hydra bites you! The eight-headed hydra misses you.
The eight-headed hydra bites you.
Casting: Searing Ray (safe; 1% risk of failure)
Confirm with . or Enter, or press ? or * to list all spells.
You don't know that spell.
Unknown command.
As you read the scroll of teleportation, it crumbles to dust.
You feel strangely unstable. The eight-headed hydra misses you.
The eight-headed hydra bites you! The eight-headed hydra bites you.
The eight-headed hydra bites you but does no damage.
The eight-headed hydra bites you. x2
The eight-headed hydra closely misses you.
The eight-headed hydra bites you.
* * * LOW HITPOINT WARNING * * *
Okay, then.
The eight-headed hydra completely misses you.
The eight-headed hydra bites you.
* * * LOW HITPOINT WARNING * * *
The eight-headed hydra completely misses you.
The eight-headed hydra closely misses you.
The eight-headed hydra bites you but does no damage.
The eight-headed hydra completely misses you. x2
The eight-headed hydra closely misses you.
The eight-headed hydra completely misses you. x2
The eight-headed hydra bites you.
* * * LOW HITPOINT WARNING * * *
The eight-headed hydra completely misses you.
The eight-headed hydra closely misses you.
The eight-headed hydra misses you. The eight-headed hydra bites you!
You die...

.... .... ... .
.○# #.. ...
.°####.... ...
....... #..
#D..# .##. ##@#
..## #..## #...
#...# #..
########..####..
#.
#..#..P........#
#.#
#...........#..
#. #.......P####
#.. #.....####
#... ##....# ...


You could see an eight-headed hydra.

Vanquished Creatures
  Gastronok (D:9)
  Joseph (D:8)
  An unseen horror (D:7)
  A cane toad (Lair:1)
  A troll (D:7)
  A hornet (D:9)
  11 yaks (D:9)
  2 wyverns (D:9)
  A wraith (D:9)
  A basilisk (D:9)
  A steam dragon (D:9)
  Menkaure (D:7)
  7 water moccasins
  An orc warrior (D:9)
  4 ice beasts
  2 ogres
  A phantom (D:7)
  A kobold brigand (D:9)
  2 bullfrogs
  A necrophage (D:5)
  2 gnoll sergeants
  A scorpion (D:9)
  4 killer bees (D:9)
  5 howler monkeys
  An electric eel (D:9)
  2 hounds
  A jelly (D:4)
  5 orc priests
  4 iguanas
  5 orc wizards
  9 mummies
  10 gnolls
  2 adders (D:5)
  2 white imps (D:7)
  An ufetubus (D:5)
  A worm (D:3)
  8 dart slugs
  34 orcs
  6 bats
  2 bat skeletons (D:4)
  4 bat zombies (D:4)
  4 endoplasms
  6 giant cockroaches
  3 gnoll zombies (Ossuary)
  3 goblins
  8 hobgoblins
  3 jackals (D:1)
  3 quokkas
  9 ball pythons
  2 frilled lizards
  2 hobgoblin zombies (Ossuary)
  16 kobolds
  3 orc zombies (Ossuary)
  5 rats
218 creatures vanquished.

Vanquished Creatures (others)
  3 bushes (D:9)
  2 fungi (D:9)
  27 plants (D:9)
32 creatures vanquished.

Grand Total: 250 creatures vanquished

Notes
Turn   | Place    | Note
-------+----------+-------------------------------------------
     0 | D:1      | Godmorgon the Tengu Conjurer began the quest for the Orb.
     0 | D:1      | Reached XP level 1. HP: 10/10 MP: 4/4
   232 | D:1      | Reached XP level 2. HP: 15/15 MP: 3/6
   235 | D:1      | Learned a level 2 spell: Searing Ray
   821 | D:2      | Reached XP level 3. HP: 19/19 MP: 4/7
  1997 | D:3      | Reached skill level 6 in Conjurations
  1997 | D:3      | Reached XP level 4. HP: 9/24 MP: 0/9
  2359 | D:3      | Found Guhargh's Book Emporium.
  2379 | D:3      | Gained mutation: Your magical nature lets you fly swiftly
                  | and evasively. [Tengu growth]
  2379 | D:3      | Reached XP level 5. HP: 9/28 MP: 0/10
  2888 | D:3      | Found a bloodstained altar of Trog.
  3097 | D:3      | Found a faded altar of an unknown god.
  3278 | D:4      | Found Qaut's Distillery.
  3286 | D:4      | Bought a potion of curing for 39 gold pieces
  3286 | D:4      | Bought a potion of heal wounds for 65 gold pieces
  3286 | D:4      | Bought a potion of brilliance for 52 gold pieces
  3309 | D:4      | Noticed Eustachio
  3463 | D:4      | Found a burning altar of Makhleb.
  3901 | D:4      | Found an ancient bone altar of Kikubaaqudgha.
  4057 | D:4      | Found a transporter.
  4104 | D:4      | Noticed an ogre
  4135 | D:4      | Found a transporter.
  4250 | D:4      | Found an opulent altar of Gozag.
  4326 | D:4      | Reached XP level 6. HP: 32/32 MP: 7/12
  4420 | D:4      | Found a staircase to the Ecumenical Temple.
  4429 | Temple   | Entered the Ecumenical Temple
  4429 | Temple   | Found a transporter.
  4429 | Temple   | Found a transporter.
  4431 | Temple   | Found a transporter.
  4431 | Temple   | Found a transporter.
  4947 | D:5      | Entered Level 5 of the Dungeon
  4975 | D:5      | Reached skill level 1 in Armour
  4975 | D:5      | Reached skill level 7 in Conjurations
  5232 | D:5      | Found a snail-covered altar of Cheibriados.
  5283 | D:5      | Found a sand-covered staircase.
  5375 | Ossuary  | Entered an ossuary
  5764 | Ossuary  | Reached XP level 7. HP: 36/36 MP: 1/14
  6291 | D:5      | Found an ornate altar of the Wu Jian Council.
  6918 | D:6      | Reached skill level 8 in Conjurations
  7299 | D:6      | Reached XP level 8. HP: 29/41 MP: 8/16
  7741 | D:6      | Reached skill level 5 in Spellcasting
  7804 | D:6      | Found a radiant altar of Vehumet.
  7807 | D:6      | Became a worshipper of Vehumet
  8190 | D:6      | Found a shadowy altar of Dithmenos.
  8196 | D:6      | Found a broken altar of Ashenzari.
  8201 | D:6      | Found a sparkling altar of Nemelex Xobeh.
  8360 | D:3      | Bought a Trismegistus Codex for 280 gold pieces
  8364 | D:3      | Learned a level 3 spell: Mephitic Cloud
  8476 | D:7      | Noticed Menkaure
  8510 | D:7      | Killed Menkaure
  8511 | D:7      | Reached skill level 1 in Air Magic
  8728 | D:7      | Killed an unseen horror
  8729 | D:7      | Reached skill level 5 in Armour
  8729 | D:7      | Reached skill level 5 in Dodging
  8729 | D:7      | Reached skill level 1 in Poison Magic
  9114 | D:7      | Got the Anthology of Toxic Unholy Deeds
  9132 | D:7      | Reached skill level 9 in Conjurations
  9251 | D:7      | Found a stormy altar of Qazlal.
  9336 | D:7      | Noticed a troll
  9342 | D:7      | Found a glowing silver altar of Zin.
  9484 | D:7      | Reached XP level 9. HP: 43/46 MP: 9/18
  9519 | D:7      | Killed a troll
  9520 | D:7      | Reached skill level 1 in Fighting
  9726 | D:8      | Learned a level 3 spell: Ignite Poison
  9846 | D:8      | Noticed Joseph
 10031 | D:8      | Reached skill level 5 in Air Magic
 10316 | D:8      | Found a sacrificial altar of Ru.
 10391 | D:8      | Reached skill level 1 in Fire Magic
 10724 | D:8      | Reached * piety under Vehumet
 10724 | D:8      | Offered knowledge of Shock by Vehumet.
 11074 | D:8      | Killed Joseph
 11075 | D:8      | Reached skill level 1 in Transmutations
 11986 | D:9      | Reached XP level 10. HP: 55/55 MP: 12/20
 12021 | D:9      | Reached skill level 10 in Conjurations
 12481 | D:9      | Found a staircase to the Lair.
 12521 | D:9      | Reached skill level 5 in Fire Magic
 13289 | D:9      | Reached skill level 5 in Fighting
 13337 | D:9      | Reached ** piety under Vehumet
 13337 | D:9      | Offered knowledge of Sandblast by Vehumet.
 13903 | Lair:1   | Entered Level 1 of the Lair of Beasts
 13903 | Lair:1   | Noticed Gastronok
 13903 | Lair:1   | Found a blossoming altar of Fedhas.
 14415 | D:9      | Killed Gastronok
 14416 | D:9      | Reached XP level 11. HP: 16/67 MP: 3/24
 15083 | Lair:1   | Noticed an eight-headed hydra
 15090 | Lair:1   | Slain by an eight-headed hydra

Illustrated notes

Levels and vault maps discovered:
D:1:      amcnicky_arrival_double_pillar, layout_basic
D:2:      layout_loops_corners, chequers_serial_rivers_micro_a
D:3:      layout_rooms, trog_antimagical, serial_shops, nicolae_square_shop,
          hellmonk_ecumenical_altar_leap_of_faith
D:4:      gammafunk_wand_slinger, layout_basic,
          mainiacjoe_overflow_surrounded_room, kennysheep_vampire_church,
          kennysheep_little_box, temple_hall, serial_shops, shop, minivault_5,
          uniq_eustachio
D:5:      layout_gridville, mainiacjoe_overflow_swirl, gup_ossuary_entry_pyramid
D:6:      layout_basic, mainiacjoe_overflow_alcove_4,
          minmay_overflow_temple_star_quad, minivault_23, minivault_25
D:7:      layout_rooms, lemuel_round_altar, lemuel_doored_altar, uniq_menkaure
D:8:      layout_loops_corners, kennysheep_mini_moat, minmay_misc_feat_five,
          uniq_joseph
D:9:      layout_basic, minmay_lair_entry_grove, nrook_mini_backslash,
          chequers_serial_rivers_micro_b
Temple:   hellmonk_temple_divided_pantheon
Lair:1:   layout_layer_cave, basic_altar, uniq_gastronok, uniq_urug

Skill      XL: |  1  2  3  4  5  6  7  8  9 10 |
---------------+-------------------------------+-----
Dodging        | 3 4 5 |  5.0
Conjurations   | 6 7 8 9 10 | 10.0
Spellcasting   | 3 4 5 6 8 |  8.7
Armour         | 2 3 5 |  5.0
Air Magic      | 4 5 |  5.0
Poison Magic   | 1 3 4 |  4.0
Fighting       | 2 7 |  7.2
Fire Magic     | 4 5 |  5.0
Transmutations | 1 3 |  3.0
Stealth        | |  2.5

Action                   |  1- 3 |  4- 6 |  7- 9 | 10-12 || total
-------------------------+-------+-------+-------+-------++-------
Melee: Whip              |     3 |     9 |       |       ||    12
       Kick              |     1 |     4 |     5 |     4 ||    14
       Short sword       |     1 |       |       |       ||     1
       Peck              |       |     3 |     3 |     5 ||    11
       Dagger            |       |       |    11 |    14 ||    25
       Punch             |       |       |       |     1 ||     1
 Cast: Magic Dart        |    69 |   131 |    95 |    26 ||   321
       Searing Ray       |     3 |    18 |    55 |    38 ||   114
       Mephitic Cloud    |       |       |    13 |    26 ||    39
       Ignite Poison     |       |       |     7 |    18 ||    25
  Use: Scroll            |       |       |    11 |     2 ||    13
       Potion            |       |       |     1 |     1 ||     2
 Stab: Sleeping          |       |     1 |       |       ||     1
       Confused          |       |       |     2 |       ||     2
Armor: Robe              |     1 |     8 |     6 |       ||    15
       Steam dragon scal |       |       |       |     5 ||     5
Dodge: Dodged            |     5 |    36 |    39 |    80 ||   160
